 Dungeon Crawl Stone Soup version 0.31-a0-210-gccc998df9b (webtiles) character file.

Game seed: 13514101424905997742

10706 funkygono the Cleaver (level 11, -6/97 HPs)
             Began as a Minotaur Fighter on June 29, 2023.
             Was a Priest of Okawaru.
             Killed from afar by a raiju (18 damage)
             ... with a living lightning
             ... on level 2 of the Abyss.
             The game lasted 00:20:06 (9297 turns).

funkygono the Cleaver (Minotaur Fighter)            Turns: 9297, Time: 00:20:07

Health: -6/97      AC: 24    Str: 24    XL:     11   Next: 39%
Magic:  0/10       EV: 11    Int:  5    God:    Okawaru [***...]
Gold:   1706       SH: 14    Dex: 11    Spells: 10/10 levels left

rFire   . . .        a - +2 war axe (heavy)
rCold   x x .        H - +0 tower shield
rNeg    + . .        P - +2 plate armour {rN+}
rPois   .            (helmet restricted)
rElec   .            j - +0 cloak
rCorr   .            y - +1 pair of gloves {infuse}
SInv    .            (no boots)
Will    .....        I - amulet of regeneration Stlth
                     s - +5 ring of evasion
HPRegen 1.16/turn    v - +4 ring of protection
MPRegen 0.12/turn

%: random rage (9%)
@: studying Polearms
A: horns 2, retaliatory headbutt, [berserk 2], [cold vulnerability 2], [subdued
magic 2]
a: Renounce Religion, Heroism


You were on level 2 of the Abyss.
You worshipped Okawaru.
Okawaru was most pleased with you.
You visited 2 branches of the dungeon, and saw 11 of its levels.
You visited the Abyss 1 time.
You also visited: Ossuary and Bailey.

You collected 2094 gold pieces.
You spent 388 gold pieces at shops.

Inventory:

Hand Weapons
 a - a +2 heavy war axe (weapon)
Missiles
 f - 17 boomerangs (quivered)
 k - 5 curare-tipped darts
 u - 10 atropa-tipped darts
 G - 34 poisoned darts
Armour
 i - +0 pearl dragon scales
 j - a +0 cloak (worn)
 y - a +1 pair of gloves of infusion (worn)
 H - a +0 tower shield (worn)
 P - a +2 plate armour of positive energy (worn)
Jewellery
 q - a ring of wizardry
 s - a +5 ring of evasion (left hand)
 v - a +4 ring of protection (right hand)
 E - a ring of flight
 F - a ring of protection from cold
 I - an amulet of regeneration (around neck)
 O - an amulet of guardian spirit
Wands
 n - a wand of charming (8)
 o - a wand of iceblast (11)
 J - a wand of acid (4)
Scrolls
 e - 3 scrolls of amnesia
 h - 3 scrolls of teleportation
 l - a scroll of blinking
 L - a scroll of fog
Potions
 b - a potion of magic
 d - 2 potions of might
 g - 3 potions of mutation
 m - a potion of cancellation
 p - 2 potions of attraction
 r - 7 potions of curing
 t - 4 potions of haste {unknown}
 w - a potion of invisibility {unknown}
 x - a potion of ambrosia {unknown}
 z - 2 potions of heal wounds
 A - 2 potions of brilliance
 B - 2 potions of resistance
 C - 4 potions of enlightenment
 D - 2 potions of lignification {unknown}


   Skills:
 + Level 9.1 Fighting
 + Level 13.8 Axes
 + Level 5.1 Throwing
 + Level 9.7 Armour
 + Level 4.5 Dodging
 + Level 1.3 Stealth
 + Level 8.4 Shields
 + Level 0.9 Invocations
 + Level 0.3 Evocations


You had 10 spell levels left.
You didn't know any spells.
Your spell library contained the following spells:

 Spells                   Type           Power      Damage    Failure   Level
 Apportation              Tloc           0%         N/A       100%        1
 Blink                    Tloc           0%         N/A       100%        2
 Ensorcelled Hibernation  Hex/Ice        0%         N/A       100%        2
 Lesser Beckoning         Tloc           0%         N/A       100%        2
 Momentum Strike          Conj/Tloc      0%         3d8       100%        2
 Passwall                 Tmut/Erth      0%         N/A       100%        2
 Swiftness                Air            0%         N/A       100%        3
 Passage of Golubria      Tloc           0%         N/A       100%        4
 Alistair's Intoxication  Tmut/Pois      0%         N/A       100%        5
 Yara's Violent Unravell  Hex/Tmut       0%         3d3       100%        5
 Tukima's Dance           Hex            Unusable   N/A       N/A         3

Dungeon Overview and Level Annotations

Branches:
Dungeon (10/15)            Temple (1/1) D:7         Ossuary (visited)
 Bailey (visited)
   Lair: D:8-11         Orc: D:9-12

Altars:
Ashenzari
Cheibriados
Dithmenos
Elyvilon
Fedhas
Gozag
Hepliaklqana
Kikubaaqudgha
Makhleb
Nemelex Xobeh
Okawaru
Qazlal
Ru
Trog
Uskayaw
Vehumet
Wu Jian
Xom
Yredelemnul
Zin
The Shining One

Shops:
D:1 [   D:3 *   D:5 (   D:8 *=*

Annotations:
D:10 Erolcha


Innate Abilities, Weirdness & Mutations

You have a pair of horns on your head.
You reflexively headbutt those who attack you in melee.
[You have an uncontrollable temper.]
[You are very vulnerable to cold. (rC--)]
[Your spells are easier to cast, but less powerful.]


Message History

You block the hell hound's attack.
The raiju is engulfed in seething chaos.
You block the raiju's attack. The hell hound barely misses you.
The wretched star glows turbulently.
The lance of force hits you!
You are knocked back by the lance of force.
You collide with the hell hound!
The hell hound is heavily wounded.
* * * LOW HITPOINT WARNING * * *
You miss the raiju.
You hit the hell hound but do no damage.
You hit the wretched star.
The hell hound bites you but does no damage.
The raiju is engulfed in seething chaos.
The raiju bursts into living lightning!
The living lightning misses you.
The raiju blinks!
The hell hound bites you but does no damage.
The wretched star glows turbulently.
You block the lance of force.
The raiju is engulfed in seething chaos.
The raiju barely misses you. You furiously retaliate!
You headbutt the raiju.
A raiju comes into view.
Okay, then.
The raiju barks!
You slice the hell hound!!
You kill the hell hound!
Okawaru accepts your kill.
You slash the raiju! You slash the wretched star!
You hear a bark!
The wretched star glows turbulently.
The lance of force misses you. You block the raiju's attack.
The wretched star glows turbulently.
The lance of force hits you!!
* * * LOW HITPOINT WARNING * * *
You are knocked back by the lance of force.
You slash the raiju!
The raiju is severely wounded.
The raiju bursts into living lightning!
The living lightning hits you!!
You die...

# . # . .## .. .
..#.. . .##..#.. # ..
##..##.##. # #
###...... #.##.#.##.#
## #.# #.#.##....#
#.#...... .#
#.##@#....####. . #
.#§#..#h#....##.
.##.###
#≈#..#*#.#......... .
.#≈≈∩...#.#.~~≈.~.
.#. #≈#..#.#...
...~~..≈.#
.#≈#..#h#.##.....'.~.
. .# #.##.#.#..#
...#.#. .
#.#.##.......# . .##
##.#....# ..## ...


You could see a wretched star and 2 raiju.

Vanquished Creatures
  2 centaur warriors (D:9)
  Pikel (D:5)
  A deep elf pyromancer (D:9)
  An ugly thing (D:9)
  2 cyclopes (D:9)
  A manticore (D:9)
  A harpy zombie (Abyss:2)
  2 trolls (D:9)
  Grinder (D:3)
  Sigmund (D:5)
  3 wyverns
  2 wraiths
  A yak (D:5)
  A chaos spawn (Abyss:2)
  Menkaure (D:6)
  3 vampire mosquitoes (D:8)
  3 acid dragons
  A water moccasin (D:6)
  A hell hound (Abyss:2)
  11 orc warriors
  3 ice beasts
  A black bear (D:5)
  2 sky beasts
  An ogre (D:6)
  4 centaurs
  2 lemures (D:5)
  6 kobold brigands
  A bullfrog (D:7)
  4 scorpions
  A gnoll sergeant (D:9)
  5 water moccasin zombies (Ossuary)
  A small abomination (Abyss:2)
  A wight (D:9)
  3 hounds
  A lava snake (D:9)
  Crazy Yiuf (D:5)
  2 orc priests
  2 jellies
  A sleepcap (D:8)
  A gnoll bouda (D:7)
  Jessica (D:2)
  4 iguanas
  Natasha (thrice) (D:2)
  6 orc wizards
  3 mummies
  Robin (D:3)
  6 adders
  5 gnolls (D:7)
  4 adder zombies (Ossuary)
  2 worms
  8 dart slugs
  27 orcs
  7 ball pythons
  3 bats (D:2)
  5 endoplasms
  4 giant cockroaches
  16 goblins
  11 hobgoblins
  30 kobolds
  4 quokkas
  2 frilled lizards
  2 gnoll zombies (Ossuary)
  2 hobgoblin zombies (Ossuary)
  6 kobold zombies (Ossuary)
  4 orc zombies (Ossuary)
  3 rats
252 creatures vanquished.

Vanquished Creatures (others)
  A deep elf pyromancer (D:9)
  An unseen horror simulacrum (D:9)
2 creatures vanquished.

Grand Total: 254 creatures vanquished

Notes
Turn   | Place    | Note
-------+----------+-------------------------------------------
     0 | D:1      | funkygono the Minotaur Fighter began the quest for the Orb.
     0 | D:1      | Reached XP level 1. HP: 19/19 MP: 0/0
   163 | D:1      | Found Vuhu's Antique Armour Boutique.
   495 | D:1      | Reached XP level 2. HP: 27/27 MP: 1/1
   986 | D:2      | Reached XP level 3. HP: 33/33 MP: 2/2
  1123 | D:2      | Noticed Jessica
  1133 | D:2      | Reached skill level 3 in Axes
  1135 | D:2      | Killed Jessica
  1136 | D:2      | Reached XP level 4. HP: 39/40 MP: 3/3
  1180 | D:2      | Noticed Natasha
  1188 | D:2      | Killed Natasha
  1806 | D:2      | Noticed Natasha
  1817 | D:2      | Killed Natasha
  1818 | D:2      | Reached skill level 4 in Axes
  1961 | D:2      | Noticed Natasha
  1978 | D:2      | Killed Natasha
  1979 | D:2      | Reached XP level 5. HP: 35/47 MP: 4/4
  2084 | D:3      | Found Qose's Assorted Antiques.
  2193 | D:3      | Noticed Grinder
  2203 | D:3      | Killed Grinder
  2204 | D:3      | Reached skill level 5 in Axes
  2204 | D:3      | Reached skill level 5 in Armour
  2204 | D:3      | Reached skill level 1 in Dodging
  2204 | D:3      | Reached XP level 6. HP: 47/53 MP: 5/5
  2276 | D:3      | Noticed Robin
  2282 | D:3      | Killed Robin
  2699 | D:4      | Reached skill level 6 in Axes
  2714 | D:4      | Found a radiant altar of Vehumet.
  3231 | D:5      | Entered Level 5 of the Dungeon
  3231 | D:5      | Noticed an ice beast
  3239 | D:4      | Killed an ice beast
  3240 | D:4      | Reached XP level 7. HP: 44/60 MP: 6/6
  3626 | D:5      | Found Bugoph's Antique Weapon Shoppe.
  3635 | D:5      | Noticed a yak
  3656 | D:5      | Reached skill level 5 in Fighting
  3656 | D:5      | Reached skill level 1 in Throwing
  3660 | D:5      | Killed a yak
  3661 | D:5      | Reached skill level 7 in Axes
  3669 | D:5      | Noticed a wraith
  3680 | D:5      | Killed a wraith
  3681 | D:5      | Reached XP level 8. HP: 12/69 MP: 7/7
  3862 | D:5      | Noticed Sigmund
  3879 | D:5      | Killed Sigmund
  3880 | D:5      | Reached skill level 8 in Axes
  4163 | D:5      | Noticed Pikel
  4171 | D:5      | Killed Pikel
  4172 | D:5      | Reached skill level 9 in Axes
  4172 | D:5      | Reached skill level 5 in Shields
  4221 | D:5      | Found a runed translucent door.
  4222 | D:5      | Noticed Crazy Yiuf
  4362 | D:5      | Killed Crazy Yiuf
  4510 | D:6      | Reached XP level 9. HP: 75/75 MP: 8/8
  4770 | D:6      | Found a sand-covered staircase.
  4778 | Ossuary  | Entered an ossuary
  4904 | Ossuary  | Reached skill level 10 in Axes
  4994 | D:6      | Noticed Menkaure
  5002 | D:6      | Killed Menkaure
  5550 | D:7      | Found a staircase to the Ecumenical Temple.
  5589 | D:7      | Found a flagged portal.
  5598 | Bailey   | Entered a bailey
  5687 | Bailey   | Reached skill level 11 in Axes
  5777 | Bailey   | Reached XP level 10. HP: 56/88 MP: 0/9
  6078 | Temple   | Entered the Ecumenical Temple
  6129 | Temple   | Became a worshipper of Warmaster Okawaru
  6786 | D:8      | Found Soakh's General Store.
  6789 | D:8      | Bought a scroll of identify for 28 gold pieces
  6812 | D:8      | Reached skill level 12 in Axes
  6931 | D:8      | Found Kenah's Jewellery Shop.
  6935 | D:8      | Found Miterphum's Assorted Antiques.
  6967 | D:8      | Bought an amulet of regeneration for 360 gold pieces
  7671 | D:9      | Reached * piety under Okawaru
  8026 | D:9      | Reached skill level 1 in Stealth
  8222 | D:9      | Found a bloodstained altar of Trog.
  8222 | D:9      | Found a basalt altar of Yredelemnul.
  8670 | D:9      | Noticed a manticore
  8670 | D:9      | Noticed a centaur warrior
  8671 | D:9      | Noticed a deep elf pyromancer
  8672 | D:9      | Noticed a cyclops
  8675 | D:9      | Noticed a red ugly thing
  8675 | D:9      | Noticed a deep elf pyromancer
  8677 | D:9      | Killed a manticore
  8678 | D:9      | Reached skill level 13 in Axes
  8682 | D:9      | Killed a centaur warrior
  8682 | D:9      | Reached ** piety under Okawaru
  8686 | D:9      | Killed a deep elf pyromancer
  8687 | D:9      | Reached XP level 11. HP: 58/95 MP: 2/10
  8688 | D:9      | Noticed a centaur warrior
  8689 | D:9      | Killed a red ugly thing
  8702 | D:9      | Killed a deep elf pyromancer
  8703 | D:9      | Noticed a two-headed ogre
  8708 | D:9      | Killed a centaur warrior
  8709 | D:9      | Reached skill level 5 in Throwing
  8837 | D:9      | Found a hide-covered altar of Uskayaw.
  8935 | D:9      | Reached *** piety under Okawaru
  9012 | D:9      | Identified a scroll of acquirement
  9012 | D:9      | Acquired 605 gold pieces
  9068 | D:10     | Entered Level 10 of the Dungeon
  9193 | D:10     | Noticed Erolcha
  9226 | D:10     | Received a gift from Okawaru
  9240 | Abyss:2  | Cast into level 2 of the Abyss (Erolcha)
  9269 | Abyss:2  | Noticed a wretched star
  9297 | Abyss:2  | Killed from afar by a raiju

Illustrated notes

Levels and vault maps discovered:
D:1:      dpeg_arrival_erosion, layout_basic, serial_shops, nicolae_shop_stone
D:2:      layout_basic, serial_co_window_serial, co_window_paths_b,
          co_window_of_opportunity_a, co_window_paths_b,
          co_window_of_opportunity_a, co_window_of_opportunity_a,
          co_window_broadway_c, co_window_2corner, co_window_broadway_a,
          co_window_corner_ca, co_window_corner_b, co_window_unsneaky_path_a,
          co_window_paths_c, co_window_paths_e, glass_columns_b, uniq_jessica,
          uniq_natasha
D:3:      layout_rooms, serial_shops, shop, uniq_grinder, uniq_robin
D:4:      layout_rooms, mainiacjoe_overflow_cross_hatched
D:5:      kennysheep_slugbush, layout_basic, serial_shops,
          nicolae_shop_pleasant_corner_grove, hangedman_abyss_or_decor_stagger,
          minmay_manual_mail, uniq_crazy_yiuf_cottage, uniq_sigmund, uniq_pikel
D:6:      layout_cave_pools, gup_ossuary_entry_pyramid, uniq_menkaure
D:7:      layout_rooms, minmay_temple_entry_statues_fountains, enter_bailey_8,
          nrook_mini_vaults
D:8:      layout_gridville, serial_shops, shop, shop,
          nicolae_shop_window_shopping, minmay_fractal_squares_gapless_5
D:9:      minmay_the_grid_triangle_9x9_rhombus_thin
          [minmay_the_grid_triangle_9x9_shrine,
          minmay_the_grid_triangle_9x9_prize_insulated,
          minmay_the_grid_triangle_9x9_stretched_checkered,
          minmay_the_grid_triangle_9x9_swiss_cheese], layout_stronghold,
          nicolae_uskayaw_suspiria, amethyst_overflow_temple_binary,
          minmay_misc_feat_rows, kennysheep_nondescript,
          grunt_decor_mini_mirrors, hangedman_minor_gate_pass
D:10:     layout_loops_ring, tgw_sif, erik_orc_2, uniq_erolcha
Temple:   minmay_crystal_spiral_temple
Abyss:2:  base: D:9, guppyfry_abyss_exit_glass_guarded

Skill      XL: |  1  2  3  4  5  6  7  8  9 10 11 |
---------------+----------------------------------+-----
Armour         | 4 5 6 7 8 9 |  9.7
Fighting       | 4 5 6 7 8 9 |  9.1
Shields        | 4 5 7 8 |  8.4
Axes           | 3 4 5 6 7 9 11 13 | 13.8
Dodging        | 1 2 3 4 |  4.5
Throwing       | 2 3 4 5 |  5.1
Stealth        | 1 |  1.3
Invocations    | |  0.9
Evocations     | |  0.3

Action                     |  1- 3 |  4- 6 |  7- 9 | 10-12 || total
---------------------------+-------+-------+-------+-------++-------
  Melee: War axe           |    44 |    94 |   149 |   161 ||   448
         Headbutt          |     5 |     9 |    24 |    25 ||    63
  Throw: Stone             |       |    11 |    10 |       ||    21
         Dart              |       |       |    35 |       ||    35
         Boomerang         |       |       |       |    28 ||    28
 Invoke: Heroism           |       |       |       |     3 ||     3
  Evoke: Wand              |       |       |     3 |     2 ||     5
    Use: Scroll            |       |    11 |     7 |     6 ||    24
         Potion            |       |       |       |     1 ||     1
 Armour: Scale mail        |     8 |       |       |       ||     8
         Pearl dragon scal |    19 |    60 |    82 |    73 ||   234
         Plate armour      |       |       |       |    14 ||    14
  Dodge: Dodged            |    20 |    55 |   132 |   123 ||   330
  Block: Buckler           |    10 |    13 |    32 |     8 ||    63
         Tower shield      |       |       |       |   114 ||   114

Table legend: (Time is in decaauts)
 A = Elapsed time spent in this place.
 B = Non-inter-level travel time spent in this place.
 C = Inter-level travel time spent in this place.
 D = Time resting spent in this place.
 E = Time spent auto-exploring this place.
 F = Levels seen in this place.
 G = Mean time per level.
                   A        B        C        D        E       F      G
               +--------+--------+--------+--------+--------+-----+--------+
         Total |   9548 |   9282 |    266 |    209 |   6494 |  14 |  682.0 |
       Dungeon |   8595 |   8414 |    181 |    209 |   5962 |  10 |  859.5 |
        Temple |    208 |    124 |     84 |      0 |    103 |   1 |  208.0 |
         Abyss |     60 |     60 |      0 |      0 |     15 |   1 |   60.0 |
       Ossuary |    206 |    206 |      0 |      0 |     90 |   1 |  206.0 |
        Bailey |    477 |    477 |      0 |      0 |    324 |   1 |  477.0 |
               +--------+--------+--------+--------+--------+-----+--------+

Top non-repeatable levels by time:
     D:9: 1573 daAuts
     D:2: 1411 daAuts
     D:5: 1197 daAuts
     D:8: 935 daAuts
     D:6: 830 daAuts
     D:1: 676 daAuts
     D:3: 659 daAuts
     D:4: 619 daAuts
     D:7: 512 daAuts
  Bailey: 477 daAuts
  Temple: 208 daAuts
 Ossuary: 206 daAuts
    D:10: 180 daAuts
 Abyss:2: 60 daAuts
